 Dungeon Crawl Stone Soup version 0.30-a0-722-g3e6e8c874d (webtiles) character file.

Game seed: 16225655544624054310

2781 gelatine the Cleaver (level 9, -1/69 HPs)
             Began as a Demonspawn Gladiator on Jan 28, 2023.
             Was an Initiate of Makhleb.
             Slain by a gnoll
             ... wielding a +0 club
             ... led by a gnoll bouda
              (4 damage)
             ... on level 8 of the Dungeon.
             The game lasted 00:20:19 (7830 turns).

gelatine the Cleaver (Demonspawn Gladiator)         Turns: 7830, Time: 00:20:20

Health: -1/69      AC:  8    Str: 19    XL:     9   Next: 43%
Magic:  0/29       EV: 12    Int:  9    God:    Makhleb [......]
Gold:   562        SH:  9    Dex: 18    Spells: 11/11 levels left

rFire   . . .      SeeInvis .    a - +0 war axe
rCold   . . .      Faith    .    C - +0 kite shield
rNeg    . . .      Spirit   +    T - +1 leather armour {Will+}
rPois   .          Reflect  .    c - +0 helmet
rElec   .          Harm     .    o - +0 cloak
rCorr   .          Rampage  .    O - +0 pair of gloves {Dex+3}
Will    +....                    (no boots)
Stlth   +                        (no amulet)
HPRegen 0.31/turn                w - ring of magical power
MPRegen 0.42/turn                B - ring of magical power

@: weakened
A: magic shield, magic regeneration, sharp scales 1, demonic magic 1, weakness
stinger 1
a: Renounce Religion


You were on level 8 of the Dungeon.
You worshipped Makhleb.
Makhleb was noncommittal.
You visited 2 branches of the dungeon, and saw 9 of its levels.
You also visited: Ossuary.

You collected 582 gold pieces.
You spent 20 gold pieces at shops.

Inventory:

Hand Weapons
 a - a +0 war axe (weapon)
Missiles
 d - 3 throwing nets
 e - 7 boomerangs (quivered)
 s - 5 poisoned darts
Armour
 c - a +0 helmet (worn)
 j - a +1 pair of gloves
 o - a +0 cloak (worn)
 q - a +0 ring mail
 r - a +0 buckler
 A - a +0 chain mail
 C - a +0 kite shield (worn)
 O - a +0 pair of gloves of dexterity (worn)
 Q - a +0 scale mail
 T - a +1 leather armour of willpower (worn)
Jewellery
 w - a ring of magical power (left hand)
 B - a ring of magical power (right hand)
 G - a ring of ice
Wands
 F - a wand of flame (16)
 H - a wand of charming (11)
 S - a wand of iceblast (13)
Scrolls
 k - 2 scrolls of vulnerability
 l - 3 scrolls of immolation
 p - a scroll of silence
 v - a scroll of enchant weapon
 x - 4 scrolls of noise
 y - a scroll of teleportation
 D - a scroll of identify
 E - a scroll of fog
 L - a scroll of amnesia
 P - a scroll of magic mapping {unknown}
 R - a scroll of enchant armour
Potions
 f - 4 potions of resistance
 g - a potion of curing
 h - a potion of heal wounds
 i - 3 potions of lignification
 m - 2 potions of might
 n - 3 potions of attraction
 t - 3 potions of haste
 u - a potion of ambrosia
 z - a potion of magic {unknown}
 I - a potion of berserk rage {unknown}
 J - a potion of invisibility {unknown}
 K - a potion of mutation {unknown}
 M - a potion of brilliance {unknown}
 N - a potion of cancellation {unknown}


   Skills:
 * Level 5.7 Fighting
 * Level 8.4 Axes
 + Level 2.0 Throwing
 * Level 3.7 Armour
 * Level 5.1 Dodging
 + Level 0.1 Stealth
 * Level 3.2 Shields
 + Level 1.7 Spellcasting
 * Level 0.1 Invocations
 * Level 0.1 Evocations


You had 11 spell levels left.
You didn't know any spells.
Your spell library contained the following spells:

 Spells                   Type           Power      Damage    Failure   Level
 Summon Small Mammal      Summ           0%         N/A       77%         1
 Blink                    Tloc           0%         N/A       88%         2
 Ensorcelled Hibernation  Hex/Ice        0%         N/A       88%         2
 Lesser Beckoning         Tloc           0%         N/A       88%         2
 Momentum Strike          Conj/Tloc      0%         3d8       88%         2
 Call Canine Familiar     Summ           0%         N/A       98%         3
 Spider Form              Tmut/Pois      0%         N/A       98%         3
 Summon Guardian Golem    Hex/Summ       0%         N/A       98%         3
 Anguish                  Hex/Necr       0%         N/A       100%        4


Dungeon Overview and Level Annotations

Branches:
Dungeon (8/15)             Temple (1/1) D:7         Ossuary (visited)
   Lair: D:8-11

Altars:
Cheibriados
Dithmenos
Hepliaklqana
Kikubaaqudgha
Makhleb
Nemelex Xobeh
Okawaru
Ru
Sif Muna
Trog
Uskayaw
Vehumet
Wu Jian
Xom
Yredelemnul
Lugonu

Shops:
D:2 *   D:3 :

Portals:
Abyss: D:3


Innate Abilities, Weirdness & Mutations

When hurt, damage is shared between your health and your magic reserves.
You regenerate magic rapidly.
You are partially covered in razor-sharp scales. (AC +1, Slay +1)
Spells you cast may paralyse adjacent enemies.
You have a small tail.


Message History

The gnoll bouda gazes fiercely through you!
You feel as though you will be weak longer.
You block the gnoll bouda's attack. The killer bee completely misses you.
The howler monkey hits you but does no damage.
The gnoll hits you with a +0 club.
* * * LOW HITPOINT WARNING * * *
The water moccasin barely misses you.
The howler monkey hits you but does no damage.
The gnoll bouda barks out a call to the hunt!
The gnoll picks up the pace!
The killer bee completely misses you.
You hit the gnoll bouda.
You kill the gnoll bouda!
Makhleb accepts your kill.
You closely miss the water moccasin. You hit the gnoll but do no damage.
You closely miss the killer bee. You closely miss the howler monkey.
You feel sick.
You are no longer poisoned.
The killer bee stings you but does no damage.
You block the water moccasin's attack. You block the gnoll's attack.
You block the killer bee's attack.
The howler monkey hoots and howls with incredible vigour!
The water moccasin bites you.
* * * LOW HITPOINT WARNING * * *
You hear a shout! x5; You hear a loud, deep croak!
You hear a shout! x3
You hear a bellow!
Something shouts, "Get thee hence, thou baffled unchin-snouted varlet!"
You hit the howler monkey but do no damage.
The howler monkey is lightly wounded.
You closely miss the killer bee. You barely miss the howler monkey.
You hit the water moccasin. You hit the gnoll but do no damage.
You block the killer bee's attack. The killer bee closely misses you.
The gnoll hits you with a +0 club.
* * * LOW HITPOINT WARNING * * *
The water moccasin bites you.
* * * LOW HITPOINT WARNING * * *
The howler monkey barely misses you. The killer bee stings you!
* * * LOW HITPOINT WARNING * * *
You block the water moccasin's attack. The gnoll hits you with a +0 club.
You die...

.........# #.#
......######### #.#
......$.... #.#
........... #.# .. #.
.......... #.### ...#.
#......... #.##.
..#.###.h....... #.##.
.......hgy......#
#.##. #....h@)......#
#.##. #....S........#
##.##)
##.............#
#..##.
#..............#
#.###.
#..#............####.#
#. ..
#.................# #.
#.............>#### #<
##............#.# ##
................#.#


You could see a water moccasin, 3 howler monkeys, a killer bee and a gnoll
(swift).

Vanquished Creatures
  A water moccasin (D:7)
  An orc warrior (D:7)
  3 ice beasts (D:6)
  A black bear (D:7)
  A sky beast (D:8)
  2 ogres
  A centaur (D:7)
  A phantom (D:5)
  A necrophage (D:4)
  A scorpion (D:5)
  5 wights (D:7)
  2 howler monkeys
  8 hounds
  5 jellies
  Crazy Yiuf (D:2)
  2 gnoll boudas
  4 orc priests (D:7)
  Terence (D:2)
  4 iguanas
  4 orc wizards
  13 mummies (Ossuary)
  Robin (D:2)
  10 gnolls
  8 adders
  A shadow imp (D:6)
  2 white imps (D:5)
  An ufetubus (D:6)
  2 worms (D:4)
  3 dart slugs
  14 orcs
  4 bats
  6 endoplasms
  3 giant cockroaches
  21 goblins
  5 hobgoblins
  7 jackals
  4 quokkas
  8 ball pythons
  2 frilled lizards (D:1)
  2 gnoll skeletons (Ossuary)
  17 kobolds
  4 kobold skeletons (Ossuary)
  2 orc skeletons (Ossuary)
  8 rats
  11 rat skeletons (Ossuary)
208 creatures vanquished.

Vanquished Creatures (others)
  2 orc wizards (D:7)
  3 fungi (D:2)
5 creatures vanquished.

Grand Total: 213 creatures vanquished

Notes
Turn   | Place    | Note
-------+----------+-------------------------------------------
     0 | D:1      | gelatine the Demonspawn Gladiator began the quest for the
                  | Orb.
     0 | D:1      | Reached XP level 1. HP: 16/16 MP: 1/1
    81 | D:1      | Reached skill level 3 in Axes
    82 | D:1      | Gained mutation: You regenerate magic rapidly. [demonic
                  | ancestry]
    82 | D:1      | Reached XP level 2. HP: 15/22 MP: 0/2
   575 | D:1      | Reached XP level 3. HP: 24/27 MP: 3/3
   963 | D:2      | You fall into a shaft and drop 1 floor!
  1150 | D:3      | Found a large runed translucent door.
  1150 | D:3      | Found a large runed translucent door.
  1394 | D:3      | Found Ilobytoj's Vocational Training.
  1565 | D:2      | Noticed Robin
  1578 | D:2      | Reached skill level 1 in Armour
  1578 | D:2      | Reached XP level 4. HP: 22/34 MP: 4/4
  1580 | D:2      | Killed Robin
  2037 | D:2      | Noticed Terence
  2067 | D:2      | Killed Terence
  2181 | D:2      | Found Wuikal's General Store.
  2185 | D:2      | Bought a scroll of identify for 20 gold pieces
  2426 | D:2      | Found a runed translucent door.
  2427 | D:2      | Noticed Crazy Yiuf
  2434 | D:2      | Killed Crazy Yiuf
  2435 | D:2      | Gained mutation: Spells you cast may paralyse adjacent
                  | enemies. [demonic ancestry]
  2435 | D:2      | Reached XP level 5. HP: 22/41 MP: 6/6
  2614 | D:3      | Found a one-way gate to the infinite horrors of the Abyss.
  2697 | D:3      | Found a corrupted altar of Lugonu.
  2949 | D:4      | Reached skill level 1 in Spellcasting
  2982 | D:4      | Reached skill level 4 in Axes
  2991 | D:4      | Noticed an ogre
  2998 | D:4      | Killed an ogre
  2999 | D:4      | Gained mutation: You have a small tail. [demonic ancestry]
  2999 | D:4      | Reached XP level 6. HP: 25/47 MP: 8/8
  3508 | D:4      | Gained mutation: When hurt, damage is shared between your
                  | health and your magic reserves. [demonic ancestry]
  3508 | D:4      | Reached XP level 7. HP: 53/53 MP: 9/9
  3656 | D:4      | Reached skill level 5 in Axes
  3898 | D:4      | Found an ornate altar of the Wu Jian Council.
  4127 | D:5      | Entered Level 5 of the Dungeon
  4443 | D:5      | Reached skill level 1 in Shields
  4735 | D:5      | Noticed a +0 falchion
  4736 | D:5      | Noticed a +0 dagger
  4736 | D:5      | Noticed a +0 falchion
  4736 | D:5      | Noticed a +0 spear
  4736 | D:5      | Noticed a +0 short sword
  4736 | D:5      | Noticed a +0 dagger
  4736 | D:5      | Noticed a +0 spear
  4737 | D:5      | Noticed a +0 short sword
  4846 | D:5      | Found a hide-covered altar of Uskayaw.
  4934 | D:6      | HP: 2/54 [gnoll bouda/+0 whip (5)]
  4935 | D:6      | Reached skill level 6 in Axes
  4937 | D:6      | Reached XP level 8. HP: 32/60 MP: 2/10
  5078 | D:6      | Found a sand-covered staircase.
  5090 | Ossuary  | Entered an ossuary
  5930 | D:6      | Reached skill level 7 in Axes
  6259 | D:6      | Found a snail-covered altar of Cheibriados.
  6316 | D:6      | Found a sacrificial altar of Ru.
  6416 | D:6      | Reached skill level 5 in Fighting
  6535 | D:7      | Found a staircase to the Ecumenical Temple.
  6567 | Temple   | Entered the Ecumenical Temple
  6595 | Temple   | Became a worshipper of Makhleb the Destroyer
  6632 | D:7      | Found a bloodstained altar of Trog.
  6719 | D:7      | Gained mutation: You are partially covered in razor-sharp
                  | scales. (AC +1, Slay +1) [demonic ancestry]
  6719 | D:7      | Reached XP level 9. HP: 11/68 MP: 11/11
  6989 | D:7      | Reached skill level 8 in Axes
  6989 | D:7      | Reached skill level 5 in Dodging
  7171 | D:7      | Found a radiant altar of Vehumet.
  7830 | D:8      | HP: 3/69 [killer bee (4)]
  7830 | D:8      | Slain by a gnoll

Illustrated notes

Levels and vault maps discovered:
D:1:      tekkud_arrival_beachfront_property, layout_basic
D:2:      layout_loops_cross, serial_shops, shop, uniq_terence,
          uniq_crazy_yiuf_cottage, uniq_robin
D:3:      due_chaos_kobolds, layout_basic, nicolae_shop_vocational
D:4:      minmay_chambers_of_threes, layout_loops_ring, nzn_wu_jian_council_hall
D:5:      layout_loops_cross, nicolae_uskayaw_en_pointe
D:6:      layout_rooms, mainiacjoe_overflow_paths, amcnicky_altar_gilded,
          enter_ossuary_1, hangedman_decor_growths
D:7:      layout_cave_pools, mainiacjoe_overflow_boulevard,
          mainiacjoe_overflow_brackets, minmay_temple_entry_proselytizer,
          enter_bailey_2
D:8:      minmay_the_grid_octo_tiled_octocenter
          [minmay_the_grid_octo_concentric, minmay_the_grid_octo_empty,
          minmay_the_grid_octo_thin_diamonds, minmay_the_grid_octo_clover,
          minmay_the_grid_octo_prize_star, minmay_the_grid_square_5x5_minimal,
          minmay_the_grid_square_5x5_comb, minmay_the_grid_square_5x5_inset,
          minmay_the_grid_square_5x5_inner_i], layout_basic, serial_shops,
          nicolae_shop_bloodbath_and_beyond, uniq_psyche
Temple:   nicolae_temple_ecumenical_triangle

Skill      XL: |  1  2  3  4  5  6  7  8  9 |
---------------+----------------------------+-----
Axes           | 3 4 6 7 8 |  8.4
Dodging        | 3 4 5 |  5.1
Armour         | 1 2 3 |  3.7
Fighting       | 3 4 5 |  5.7
Spellcasting   | 1 |  1.7
Throwing       | 2 |  2.0
Shields        | 1 2 3 |  3.2
Stealth        | |  0.1
Invocations    | |  0.1
Evocations     | |  0.1

Action                     |  1- 3 |  4- 6 |  7- 9 || total
---------------------------+-------+-------+-------++-------
  Melee: War axe           |   107 |   186 |   421 ||   714
         Punch             |     1 |       |       ||     1
         Tailslap          |       |    12 |    60 ||    72
  Throw: Throwing net      |       |     6 |       ||     6
         Javelin           |       |     2 |       ||     2
         Boomerang         |       |     3 |     3 ||     6
         Dart              |       |     1 |       ||     1
    Use: Scroll            |       |     7 |    15 ||    22
         Potion            |       |     2 |     3 ||     5
 Armour: Leather armour    |    23 |    44 |   147 ||   214
         Ring mail         |    30 |    32 |       ||    62
         Chain mail        |       |    33 |       ||    33
         Scale mail        |       |       |    19 ||    19
  Dodge: Dodged            |    70 |    83 |   263 ||   416
  Block: Buckler           |     6 |    31 |     7 ||    44
         Kite shield       |       |       |   187 ||   187

Table legend: (Time is in decaauts)
 A = Elapsed time spent in this place.
 B = Non-inter-level travel time spent in this place.
 C = Inter-level travel time spent in this place.
 D = Time resting spent in this place.
 E = Time spent auto-exploring this place.
 F = Levels seen in this place.
 G = Mean time per level.
                   A        B        C        D        E       F      G
               +--------+--------+--------+--------+--------+-----+--------+
         Total |   8079 |   7794 |    285 |      0 |   5690 |  10 |  807.9 |
       Dungeon |   7303 |   7035 |    268 |      0 |   5199 |   8 |  912.9 |
        Temple |     46 |     29 |     17 |      0 |     15 |   1 |   46.0 |
       Ossuary |    729 |    729 |      0 |      0 |    476 |   1 |  729.0 |
               +--------+--------+--------+--------+--------+-----+--------+

Top non-repeatable levels by time:
     D:4: 1396 daAuts
     D:7: 1105 daAuts
     D:2: 1008 daAuts
     D:1: 987 daAuts
     D:6: 952 daAuts
     D:3: 858 daAuts
     D:5: 817 daAuts
 Ossuary: 729 daAuts
     D:8: 177 daAuts
  Temple: 46 daAuts
